 Dungeon Crawl Stone Soup version 0.29.1 (webtiles) character file.

Game seed: 14996305302210077976

79851 groovy9 the Marksminotaur (level 15, 0/122 HPs)
             Began as a Minotaur Hunter on Sept 15, 2022.
             Was a High Priest of Hepliaklqana.
             Slain by a sun moth (10 damage)
             ... on level 1 of the Spider Nest.
             The game lasted 01:14:42 (20812 turns).

groovy9 the Marksminotaur (Minotaur Hunter)        Turns: 20812, Time: 01:14:43

Health: 0/122      AC: 13    Str: 22    XL:     15   Next: 22%
Magic:  19/21      EV: 19    Int:  5    God:    Hepliaklqana [*****.]
Gold:   2512       SH:  0    Dex: 22    Spells: 14/14 levels left

rFire   . . .      SeeInvis +   u - +1 longbow
rCold   + + .      Faith    .   (shield currently unavailable)
rNeg    . . .      Spirit   .   t - +0 scale mail "Eficw" {rCorr Str+2 Slay+2}
rPois   +          Reflect  .   h - +2 hat
rElec   .          Harm     .   a - scarf {+Inv}
rCorr   +          Rampage  +   V - +1 pair of gloves of the Will of the Gods {Rampage rPois rF- Dex+2}
Will    +....      Clarity  +   (no boots)
Stlth   +.........              w - amulet of regeneration
HPRegen 1.10/turn               L - ring "Pexi Rag" {+Blink rPois rC+}
MPRegen 0.17/turn               Q - ring of see invisible

@: mighty, on fire, about to teleport, slowed, glowing, very slow
A: reduced essence, horns 2, retaliatory headbutt, clarity, cold resistance 1,
fire resistance 1, strong 1
a: Renounce Religion, Evoke Blink, Evoke Invisibility, Recall Ancestor, Ancestor
Identity, Transference, Idealise


You were on level 1 of the Spider Nest.
You worshipped Hepliaklqana.
Hepliaklqana was extremely pleased with you.
You visited 5 branches of the dungeon, and saw 22 of its levels.
You also visited: Volcano.

You collected 3128 gold pieces.
You spent 616 gold pieces at shops.

Inventory:

Hand Weapons
 u - a +1 longbow (weapon)
Missiles
 r - 2 throwing nets
Armour
 a - a scarf of invisibility (worn)
 h - a +2 hat (worn)
 j - a +3 leather armour of fire resistance
 t - the +0 scale mail "Eficw" (worn) {rCorr Str+2 Slay+2}
   (You found it on level 5 of the Dungeon)

   Str:       It affects your strength (+2).
   Slay:      It affects your accuracy & damage with ranged weapons and melee
   (+2).
   rCorr:     It protects you from acid and corrosion.
 z - +0 steam dragon scales
 B - +0 pearl dragon scales
 V - the +1 pair of gloves of the Will of the Gods (worn) {Rampage rPois rF- Dex+2}
   (You found it on level 5 of the Lair of Beasts)

   Dex:       It affects your dexterity (+2).
   rF:        It makes you vulnerable to fire.
   rPois:     It protects you from poison.
   Rampage:   It bestows one free step when moving towards enemies.
Jewellery
 c - a ring of poison resistance
 i - a +4 ring of evasion
 o - a +6 ring of dexterity
 w - an amulet of regeneration (around neck)
 C - a ring of protection from cold
 L - the ring "Pexi Rag" (left hand) {+Blink rPois rC+}
   (You bought it in a shop on level 2 of the Orcish Mines)

   [ring of poison resistance]

   rC:        It protects you from cold.
   rPois:     It protects you from poison.
   +Blink:    It lets you blink.
 Q - a ring of see invisible (right hand)
Wands
 n - a wand of flame (26)
 q - a wand of acid (14)
 y - a wand of digging (2)
 E - a wand of charming (22)
 J - a wand of mindburst (7)
 M - a wand of polymorph (4)
Scrolls
 b - 2 scrolls of immolation
 f - 7 scrolls of teleportation
 k - a scroll of silence {unknown}
 p - 5 scrolls of magic mapping
 D - 2 scrolls of butterflies
 I - 2 scrolls of blinking
 K - 2 scrolls of poison
 N - 4 scrolls of identify
 P - a scroll of summoning
 U - a scroll of enchant weapon
Potions
 d - 5 potions of lignification
 e - a potion of resistance
 g - 3 potions of mutation
 l - a potion of magic
 s - a potion of invisibility
 v - 2 potions of flight
 x - 2 potions of degeneration
 F - a potion of heal wounds
 H - 3 potions of haste
 O - a potion of attraction
 R - a potion of might
 S - a potion of brilliance
 T - a potion of curing


   Skills:
 + Level 13.2 Fighting
 * Level 19.6 Ranged Weapons
 + Level 12.4 Armour
 + Level 12.1 Dodging
 - Level 0.7 Stealth
 + Level 9.9 Invocations
 + Level 1.6 Evocations


You had 14 spell levels left.
You didn't know any spells.
Your spell library contained the following spells:

 Spells                   Type           Power      Damage    Failure   Level
 Apportation              Tloc           0%         N/A       73%         1
 Magic Dart               Conj           0%         1d3       73%         1
 Necrotise                Necr           0%         1d4       73%         1
 Summon Small Mammal      Summ           0%         N/A       73%         1
 Searing Ray              Conj           0%         2d4       86%         2
 Conjure Flame            Conj/Fire      0%         6-21      97%         3
 Ignite Poison            Fire/Tmut/Pois 0%         N/A       97%         3
 Ozocubu's Armour         Ice            0%         N/A       97%         3
 Stone Arrow              Conj/Erth      0%         3d7       97%         3
 Vampiric Draining        Necr           0%         2d6       97%         3
 Animate Armour           Summ/Erth      0%         N/A       100%        4
 Fulminant Prism          Conj/Hex       0%         3d6       100%        4
 Sticky Flame             Conj/Fire      0%         2d3       100%        4
 Agony                    Necr           0%         N/A       100%        5
 Alistair's Intoxication  Tmut/Pois      0%         N/A       100%        5
 Metabolic Englaciation   Hex/Ice        0%         N/A       100%        5
 Dispersal                Tloc           0%         N/A       100%        6
 Simulacrum               Ice/Necr       0%         N/A       100%        6
 Disjunction              Tloc           0%         N/A       100%        8
 Lehudib's Crystal Spear  Conj/Erth      0%         10d2      100%        8


Dungeon Overview and Level Annotations

Branches:
Dungeon (13/15)            Temple (1/1) D:7            Lair (5/5) D:9
 Shoals (0/4) Lair:2       Spider (1/4) Lair:2        Slime (0/5) Lair:5
    Orc (2/2) D:11            Elf (0/3) Orc:2        Vaults (0/5) D:13
Volcano (visited)

Altars:
Ashenzari
Cheibriados
Dithmenos
Elyvilon
Fedhas
Gozag
Hepliaklqana
Kikubaaqudgha
Makhleb
Nemelex Xobeh
Okawaru
Qazlal
Ru
Sif Muna
Trog
Uskayaw
Vehumet
Wu Jian
Xom
Yredelemnul
Zin
The Shining One
Jiyva

Shops:
D:10 *   Orc:2 (!(=

Annotations:
D:8 2 transporters, QueenGhuleh's ghost, novice MiBe
D:13 2 transporters, videwesjr's ghost, journeyman MiFi


Innate Abilities, Weirdness & Mutations

Your life essence is reduced to manifest your ancestor. (-10% HP)
You have a pair of horns on your head.
You reflexively headbutt those who attack you in melee.
You possess an exceptional clarity of mind.
Your flesh is cold resistant. (rC+)
Your flesh is heat resistant. (rF+)
Your muscles are strong. (Str +4, Int/Dex -1)


Message History

The wolf spider barely misses you.
The wolf spider bites you but does no damage.
The wolf spider closely misses you. x2
The sun moth throws sticky fire at you. The sticky flame hits you.
You are covered in liquid flames!
Fire: u) +1 longbow
Press: ? - help, Q - select action, (/) - cycle Shift-Dir - straight line, f/p - sun moth
Aim: a sun moth (almost dead, haloed, 82% to hit)
You shoot an arrow.
The arrow hits the sun moth but does no damage.
The sun moth is almost dead.
You are covered in liquid flames!
The wolf spider hits you! The wolf spider completely misses you.
The sun moth barely misses you. The wolf spider hits you!
The wolf spider completely misses you.
Fire: u) +1 longbow
Press: ? - help, Q - select action, (/) - cycle Shift-Dir - straight line, f/p - sun moth
Aim: a sun moth (severely wounded, haloed, 82% to hit)
You shoot an arrow. The arrow hits the sun moth.
The sun moth is almost dead.
You are covered in liquid flames!
The sun moth misses you.
The wolf spider hits you but does no damage.
The wolf spider bites you. The sun moth throws energy at you.
The bolt of energy misses you. The wolf spider hits you.
The wolf spider bites you.
Okay, then.
Unknown command.
As you read the scroll of teleportation, it crumbles to dust.
You feel strangely unstable.
You are covered in liquid flames!
* * * LOW HITPOINT WARNING * * *
The wolf spider closely misses you. The wolf spider bites you!
* * * LOW HITPOINT WARNING * * *
The sun moth misses you. The wolf spider hits you!
* * * LOW HITPOINT WARNING * * *
The wolf spider closely misses you. The sun moth bites you!
You die...

#........##.....[.#####...#
#.....####..†....##.#....##
............######..#.....#
..........†##...#....^....#
...........#...##........##
.......................###
..##...#...........#####
...#...#...........^#
...##..#........@...#
....####....#..sy####
.......##...#..(ww.
.#......#...#.......
.#.....^##..#......#
##.......## ###.....
#.....##..# ...#^.?
#...#.>##### ...##...
#...#......###


You could see a sun moth, a steelbarb worm, a torpor snail and a wolf spider.

Vanquished Creatures
  An ettin (D:13)
  A fire dragon (D:13)
  3 boulder beetles
  Harold (D:9)
  3 ogre magi (Orc:2)
  6 hydras
  9 two-headed ogres
  Sonja (D:12)
  A pharaoh ant (Spider:1)
  2 orb spiders (Spider:1)
  A deep elf archer (Volcano)
  An orc knight (Orc:1)
  5 deep elf pyromancers (Volcano)
  A cyclops (D:13)
  2 wolf spiders
  A manticore (Lair:2)
  3 ugly things
  A guardian serpent (Lair:5)
  11 black mambas
  10 cane toads
  Maggie (D:6)
  A rime drake (Lair:2)
  A demonic crawler (Spider:1)
  A komodo dragon (Lair:3)
  2 trolls
  A polar bear (Lair:2)
  2 hornets
  21 blink frogs
  10 slime creatures (D:13)
  3 dream sheep (Lair:4)
  2 jumping spiders (Spider:1)
  4 wraiths
  A spriggan (shapeshifter) (D:13)
  3 culicivoras
  Sigmund (D:2)
  11 wyverns
  A water elemental (D:11)
  21 yaks
  3 fire elementals (Volcano)
  8 redbacks (Spider:1)
  A steam dragon (D:9)
  An acid dragon (D:9)
  18 water moccasins
  A swamp worm (shapeshifter) (D:13)
  4 hell hounds (Volcano)
  A floating eye (shapeshifter) (D:13)
  An ice beast (D:5)
  2 sky beasts
  8 orc warriors
  3 black bears
  14 wolves
  9 ogres (Orc:2)
  2 kobold brigands
  3 centaurs
  A phantom (D:6)
  A necrophage (D:5)
  Blork the orc (D:6)
  12 bullfrogs
  2 gnoll sergeants (D:9)
  2 scorpions (D:5)
  6 killer bees
  7 howler monkeys
  7 electric eels
  A gnoll bouda (D:6)
  12 orc priests
  A jelly (D:5)
  Crazy Yiuf (D:5)
  Terence (D:3)
  2 iguanas
  11 orc wizards
  15 gnolls
  3 adders (D:3)
  A shadow imp (D:5)
  2 white imps
  An ufetubus (D:5)
  3 worms
  A dart slug (D:1)
  44 orcs
  11 endoplasms
  4 giant cockroaches
  9 goblins
  4 hobgoblins
  A jackal (D:1)
  3 quokkas
  6 ball pythons
  2 bats (D:3)
  A frilled lizard (D:2)
  16 kobolds
  5 rats
  A spectral orc (D:8)
431 creatures vanquished.

Vanquished Creatures (collateral kills)
  Gastronok (D:10)
  A broodmother (Lair:2)
  A hydra (D:11)
  4 two-headed ogres (Orc:2)
  An ogre mage (Orc:2)
  3 slime creatures (D:13)
  2 orb spiders (Spider:1)
  A steelbarb worm (Spider:1)
  2 deep elf pyromancers (Volcano)
  A wolf spider (Spider:1)
  An ugly thing (D:13)
  3 cyclopes
  2 black mambas
  5 cane toads
  4 komodo dragons
  2 unseen horrors
  2 rime drakes (Lair:2)
  2 trolls (D:11)
  A wind drake (Lair:2)
  3 tarantellas (Spider:1)
  3 hornets
  5 blink frogs
  3 dream sheep (Lair:4)
  A jumping spider (Spider:1)
  2 wyverns
  17 yaks
  A fire elemental (Volcano)
  A basilisk (Lair:2)
  3 redbacks (Spider:1)
  2 wargs
  An acid dragon (D:12)
  5 water moccasins
  A hell hound (Volcano)
  An orc warrior (Orc:2)
  A black bear (D:9)
  12 ogres (Orc:2)
  6 wolves
  A kobold brigand (D:9)
  A bullfrog (Lair:4)
  2 howler monkeys (D:10)
  3 orc wizards (D:8)
  7 orcs
  4 kobolds
125 creatures vanquished.

Vanquished Creatures (others)
  A ghost moth (Spider:1)
  3 ancestors
  11 knights
  29 fungi
  77 plants
121 creatures vanquished.

Grand Total: 677 creatures vanquished

Notes
Turn   | Place    | Note
-------+----------+-------------------------------------------
     0 | D:1      | groovy9 the Minotaur Hunter began the quest for the Orb.
     0 | D:1      | Reached XP level 1. HP: 18/18 MP: 0/0
    68 | D:1      | Reached XP level 2. HP: 25/25 MP: 1/1
   164 | D:1      | Reached skill level 5 in Ranged Weapons
   628 | D:2      | Reached XP level 3. HP: 30/30 MP: 2/2
   960 | D:3      | Noticed Sigmund
   967 | D:2      | Killed Sigmund
   968 | D:2      | Reached skill level 7 in Ranged Weapons
   968 | D:2      | Reached XP level 4. HP: 27/37 MP: 3/3
   968 | D:2      | Reached XP level 5. HP: 31/42 MP: 4/4
  1126 | D:3      | Noticed Terence
  1155 | D:3      | Killed Terence
  1345 | D:3      | Reached skill level 8 in Ranged Weapons
  1349 | D:3      | Reached XP level 6. HP: 50/50 MP: 5/5
  1730 | D:3      | Found a faded altar of an unknown god.
  2757 | D:4      | Found an opulent altar of Gozag.
  2933 | D:4      | Reached skill level 9 in Ranged Weapons
  2992 | D:4      | Found the +9 sword of Zonguldrok {reap}
  3287 | D:5      | Entered Level 5 of the Dungeon
  3298 | D:5      | Identified the +0 scale mail "Eficw" {rCorr Str+2 Slay+2}
  3311 | D:5      | Noticed an ice beast
  3327 | D:5      | Killed an ice beast
  3328 | D:5      | Reached XP level 7. HP: 46/56 MP: 6/6
  3719 | D:5      | Reached skill level 10 in Ranged Weapons
  3840 | D:5      | Found a runed translucent door.
  3841 | D:5      | Noticed Crazy Yiuf
  3984 | D:5      | Killed Crazy Yiuf
  4362 | D:5      | Reached skill level 11 in Ranged Weapons
  4362 | D:5      | Reached XP level 8. HP: 59/61 MP: 7/7
  4490 | D:6      | Noticed Maggie
  4505 | D:6      | Killed Maggie
  4535 | D:6      | Noticed Blork the orc
  4538 | D:6      | Killed Blork the orc
  4793 | D:6      | Reached skill level 12 in Ranged Weapons
  5209 | D:7      | Reached skill level 1 in Armour
  5429 | D:7      | Reached XP level 9. HP: 68/73 MP: 8/8
  5473 | D:7      | Found a staircase to the Ecumenical Temple.
  5730 | Temple   | Entered the Ecumenical Temple
  5784 | Temple   | Became a worshipper of Hepliaklqana the Forgotten
  5935 | D:7      | Reached skill level 5 in Fighting
  6745 | D:8      | Reached skill level 5 in Dodging
  6784 | D:8      | Paralysed by a hornet for 2 turns
  7062 | D:8      | Gained mutation: Your flesh is cold resistant. (rC+)
                  | [potion of mutation]
  7062 | D:8      | Gained mutation: You sometimes lose your temper in combat.
                  | [potion of mutation]
  7062 | D:8      | Gained mutation: You have sharp toenails. [potion of
                  | mutation]
  7063 | D:8      | Lost mutation: Your flesh is cold resistant. (rC+) [potion
                  | of mutation]
  7063 | D:8      | Lost mutation: You sometimes lose your temper in combat.
                  | [potion of mutation]
  7063 | D:8      | Lost mutation: You have sharp toenails. [potion of
                  | mutation]
  7063 | D:8      | Gained mutation: You possess an exceptional clarity of
                  | mind. [potion of mutation]
  7063 | D:8      | Gained mutation: Your muscles are strong. (Str +4, Int/Dex
                  | -1) [potion of mutation]
  7063 | D:8      | Gained mutation: Your flesh is heat resistant. (rF+)
                  | [potion of mutation]
  7063 | D:8      | Gained mutation: Your flesh is cold resistant. (rC+)
                  | [potion of mutation]
  7088 | D:8      | Found a shimmering blue altar of Sif Muna.
  7162 | D:8      | Found a transporter.
  7173 | D:8      | Noticed QueenGhuleh's ghost (novice MiBe)
  7175 | D:8      | Found a transporter.
  7214 | D:8      | Found a burning altar of Makhleb.
  7216 | D:8      | Found a white marble altar of Elyvilon.
  7220 | D:8      | Reached skill level 13 in Ranged Weapons
  7704 | D:8      | Found a radiant altar of Vehumet.
  7870 | D:8      | Reached * piety under Hepliaklqana
  7953 | D:8      | Found a basalt altar of Yredelemnul.
  8452 | D:9      | Reached skill level 1 in Invocations
  8462 | D:9      | Reached XP level 10. HP: 75/75 MP: 9/9
  8507 | D:9      | Found a snail-covered altar of Cheibriados.
  8569 | D:9      | Found a staircase to the Lair.
  8921 | D:9      | Noticed Harold
  8935 | D:9      | Killed Harold
  8936 | D:9      | Reached skill level 5 in Armour
  9069 | D:9      | Identified a scroll of acquirement
  9069 | D:9      | Acquired 465 gold pieces
  9082 | D:10     | Entered Level 10 of the Dungeon
  9082 | D:10     | Noticed a two-headed ogre
  9089 | D:10     | Killed a two-headed ogre
  9090 | D:10     | Reached skill level 14 in Ranged Weapons
  9133 | D:10     | Found Muichihi's Elemental Accessories.
  9216 | D:10     | You fall into a shaft and drop 1 floor!
  9245 | D:11     | Reached ** piety under Hepliaklqana
  9246 | D:11     | Remembered your ancestor Zippy as a knight
  9387 | D:10     | Noticed Gastronok
  9397 | D:10     | Killed Gastronok
  9398 | D:10     | Reached XP level 11. HP: 40/84 MP: 12/12
  9693 | D:10     | Found a glowing silver altar of Zin.
  9693 | D:10     | Found a broken altar of Ashenzari.
  9958 | Lair:1   | Entered Level 1 of the Lair of Beasts
  9958 | Lair:1   | Noticed an eight-headed hydra
  9965 | Lair:1   | Killed an eight-headed hydra
 10181 | Lair:1   | Reached skill level 15 in Ranged Weapons
 10403 | Lair:1   | Reached *** piety under Hepliaklqana
 10828 | Lair:2   | Noticed a six-headed hydra
 10834 | Lair:2   | Killed a six-headed hydra
 10835 | Lair:2   | Reached skill level 5 in Invocations
 11113 | Lair:2   | Reached XP level 12. HP: 93/93 MP: 15/15
 11269 | Lair:2   | Noticed a boulder beetle
 11294 | Lair:2   | Killed a boulder beetle
 11404 | Lair:2   | Found a hole to the Spider Nest.
 11478 | Lair:2   | Found a staircase to the Shoals.
 11495 | Lair:2   | Reached skill level 16 in Ranged Weapons
 12230 | Lair:3   | Noticed an eight-headed hydra
 12258 | Lair:3   | Killed an eight-headed hydra
 12316 | Lair:3   | Reached skill level 10 in Fighting
 12317 | Lair:3   | Noticed a seven-headed hydra
 12329 | Lair:3   | Killed a seven-headed hydra
 12415 | Lair:3   | Found a dark tunnel.
 12434 | Volcano  | Entered a volcano
 12485 | Volcano  | Reached **** piety under Hepliaklqana
 12838 | Lair:3   | Reached XP level 13. HP: 102/102 MP: 17/17
 12841 | Lair:3   | Reached skill level 17 in Ranged Weapons
 13013 | Lair:3   | Reached skill level 10 in Dodging
 13504 | Lair:4   | Reached skill level 10 in Armour
 14573 | D:11     | Reached ***** piety under Hepliaklqana
 14915 | D:11     | Found a staircase to the Orcish Mines.
 15186 | Orc:1    | Entered Level 1 of the Orcish Mines
 15516 | Orc:2    | Entered Level 2 of the Orcish Mines
 15622 | Orc:2    | Reached skill level 18 in Ranged Weapons
 15653 | Orc:2    | Reached XP level 14. HP: 65/112 MP: 15/19
 16125 | Orc:2    | Found a staircase to the Elven Halls.
 16151 | Orc:2    | Found Otizutesk's Jewellery Shoppe.
 16151 | Orc:2    | Found Revud's Distillery.
 16152 | Orc:2    | Found Xeonopo's Antique Weapon Shop.
 16152 | Orc:2    | Found War Weps's Weapon Emporium.
 16163 | Orc:2    | Bought the ring "Pexi Rag" {+Blink rPois rC+} for 451 gold
                  | pieces
 16550 | D:12     | Acquired 844 gold pieces
 16598 | D:12     | Noticed Sonja
 16607 | D:12     | Killed Sonja
 17449 | Orc:2    | Bought a ring of see invisible for 165 gold pieces
 17591 | D:13     | Identified the +5 great mace of the Known World {freeze,
                  | Dex+4}
 17593 | D:13     | Noticed videwesjr's ghost (journeyman MiFi)
 17606 | D:13     | Found a transporter.
 17606 | D:13     | Found a transporter.
 18221 | D:13     | Found a gate to the Vaults.
 18268 | D:13     | Reached skill level 19 in Ranged Weapons
 18646 | Lair:5   | Entered Level 5 of the Lair of Beasts
 18788 | Lair:5   | Found a staircase to the Slime Pits.
 18794 | Lair:5   | Found a viscous altar of Jiyva.
 19506 | Lair:5   | Identified the +1 pair of gloves of the Will of the Gods
                  | {Rampage rPois rF- Dex+2}
 19949 | Spider:1 | Entered Level 1 of the Spider Nest
 19993 | Spider:1 | Noticed a broodmother
 19997 | Spider:1 | Killed a ghost moth
 19998 | Spider:1 | Reached XP level 15. HP: 106/121 MP: 1/21
 20434 | Spider:1 | Reached skill level 1 in Evocations
 20781 | Spider:1 | Reached ****** piety under Hepliaklqana
 20812 | Spider:1 | Slain by a sun moth

Illustrated notes

Levels and vault maps discovered:
D:1:      heliophobic_arrival_enchanted_forest, layout_rooms,
          serial_bayou_pond_a, st_stairs_13
D:2:      layout_rooms, hangedman_decor_growths, minmay_misc_feat_diagonals
D:3:      layout_loops_ring, ebering_ecumenical_altar_rust,
          serial_park_tiny_pond, uniq_terence, uniq_sigmund
D:4:      layout_basic, nicolae_overflow_crystal_walls
D:5:      layout_gridville, uniq_crazy_yiuf_cottage
D:6:      layout_gridville, uniq_maggie, uniq_blork_the_orc
D:7:      layout_rooms, temple_pool_b, minmay_crystal_room
D:8:      layout_rooms, yredelemnul_forgotten_temple_becter,
          jmf_multi_god_temple, gammafunk_ghost_arena, serial_bayou,
          serial_bayou_lagoon_a, serial_bayou_pond_e, serial_bayou_pond_c,
          serial_bayou_shore_b, serial_bayou_ford_a, st_stairs_14,
          grunt_decor_junction, hangedman_feature_mirror
D:9:      layout_long_grid, mainiacjoe_overflow_boulevard, david_lair_generic,
          minivault_19, st_stairs_13, uniq_harold
D:10:     layout_roguey, gammafunk_temple_overflow_wave, nicolae_elemental_shop,
          uniq_gastronok
D:11:     layout_loops_ring, erik_orc_2
D:12:     layout_irregular_city, kennysheep_decorative_pillar, uniq_sonja
D:13:     layout_basic, david_vaults_4, gammafunk_ghost_smash
Temple:   bh_familiar_temple
Lair:1:   layout_cave_pods
Lair:2:   layout_loops_ring, minmay_shoals_entry_beasts,
          spider_nest_entry_funnel_web
Lair:3:   layout_roguey, nicolae_volcano_entry_two_sided
Lair:4:   layout_gridlike
Lair:5:   wormcave, layout_regular_city, hangedman_lair_tendril_chambers,
          slime_entry_1
Spider:1: layout_spider_delve
Orc:1:    layout_diamond_mine
Orc:2:    st_orc_ogre_mass, layout_diamond_mine, basic_altar

Skill      XL: |  1  2  3  4  5  6  7  8  9 10 11 12 13 14 15 |
---------------+----------------------------------------------+-----
Ranged Weapons | 5 7 8 9 11 12 13 14 15 16 18 19 | 19.6
Fighting       | 4 6 7 9 10 11 13 | 13.2
Dodging        | 4 5 7 8 9 10 11 12 | 12.1
Armour         | 1 4 6 8 9 10 12 | 12.4
Invocations    | 1 3 5 7 8 9 |  9.9
Evocations     | 1 |  1.6
Stealth        | |  0.7

Action                   |  1- 3 |  4- 6 |  7- 9 | 10-12 | 13-15 || total
-------------------------+-------+-------+-------+-------+-------++-------
Melee: Longbow           |       |       |     1 |     3 |       ||     4
 Fire: Shortbow          |    98 |   172 |   131 |       |       ||   401
       Longbow           |       |       |   183 |   574 |   918 ||  1675
Invok: Recall Ancestor   |       |       |       |     3 |     5 ||     8
       Ancestor Life: Kn |       |       |       |     1 |       ||     1
       Ancestor Identity |       |       |       |     1 |       ||     1
       Idealise          |       |       |       |       |     3 ||     3
  Use: Scroll            |     1 |     4 |     6 |    11 |     7 ||    29
       Potion            |       |     1 |     6 |     6 |     3 ||    16
Armor: Skin              |       |    16 |       |       |       ||    16
       Leather armour    |       |     8 |     3 |       |       ||    11
       Steam dragon scal |       |       |    18 |    20 |       ||    38
       Scale mail        |       |       |       |     9 |    32 ||    41
Dodge: Dodged            |    14 |    40 |   133 |   160 |   157 ||   504
